 Dungeon Sprint DCSS version 0.23-a0-391-g8c51ad5 (webtiles) character file.

22198 emperorscorpion the Unseen (level 12, -1/67 HPs)
             Began as a Vine Stalker Enchanter on Oct 30, 2018.
             Was an Elder of Uskayaw.
             Slain by a jumping spider (10 damage)
             ... in the Dungeon (Sprint IX: "|||||||||||||||||||||||||||||").
             The game lasted 00:14:10 (2194 turns).

emperorscorpion the Unseen (Vine Stalker Enchanter) Turns: 2194, Time: 00:14:11

Health: -1/67      AC: 12    Str: 16    XL:     12   Next: 98%
Magic:  0/24       EV:  9    Int: 18    God:    Uskayaw [****..]
Gold:   741        SH:  0    Dex: 18    Spells: 5/17 levels left

rFire    + . .     SeeInvis .   p - +2 scimitar (holy)
rCold    + . .     Gourm    .   D - +1 shield {AC+3}
rNeg     . . .     Faith    .   N - +2 robe of Vines {NoPotionHeal Regen+7}
rPois    .         Spirit   +   A - +0 helmet
rElec    .         Reflect  +   C - scarf {rC+ rF+}
rCorr    .         Harm     .   c - +1 pair of gloves
MR       +....     NoTele   +   q - +0 pair of boots
Stlth    +++++++...             F - +5 amulet of reflection
HPRegen  3.81/turn              s - +3 ring of intelligence
MPRegen  0.19/turn              t - +3 ring of strength

@: lethally poisoned (-1 -> -1), held
A: fangs 3, regeneration 2, magic shield, antimagic bite, no potion heal 3, rot
immunity
a: Stomp, Line Pass, Renounce Religion


You were in the Dungeon.
You worshipped Uskayaw.
Uskayaw was pleased with you.
You were not hungry.

You visited 1 branch You collected 1912 gold pieces.
You spent 1171 gold pieces at shops.

Inventory:

Hand Weapons
 a - the +1 short sword of Karma {pierce, Str+9}
   (You found it in the Dungeon)

   It inflicts extra damage upon your enemies.
   It affects your strength (+9).
 o - a +1 dagger
 p - a +2 scimitar of holy wrath (weapon)
 H - a +0 blowgun
 M - a +2 rapier of protection
Missiles
 I - 5 curare-tipped needles
Armour
 b - a +0 robe
 c - a +1 pair of gloves (worn)
 q - a +0 pair of boots (worn)
 r - +1 fire dragon scales
 y - a +0 ring mail
 z - a +0 cloak
 A - a +0 helmet (worn)
 B - a +0 troll leather armour
 C - a scarf of resistance (worn)
 D - a +1 shield of protection (worn)
 E - a +1 cloak
 N - the +2 robe of Vines (worn) {NoPotionHeal Regen+7}
   (You found it in the Dungeon)

   It increases your rate of regeneration.
Magical Staves
 n - an uncursed staff of energy
Jewellery
 s - a +3 ring of intelligence (left hand)
 t - a +3 ring of strength (right hand)
 F - a +5 amulet of reflection (around neck)
 J - an uncursed ring of ice
 K - an uncursed ring of fire
 L - an uncursed ring of see invisible
Wands
 m - a wand of acid (4)
Scrolls
 j - a scroll of blinking
 k - 7 scrolls of remove curse
 l - 2 scrolls of amnesia
 v - a scroll of fear
 w - 2 scrolls of identify
 x - 2 scrolls of enchant weapon
 P - 2 scrolls of fog
 Q - 2 scrolls of enchant armour
Potions
 e - 7 potions of curing
 f - 12 potions of heal wounds
 g - 2 potions of haste
 h - 5 potions of magic
 i - a potion of invisibility
 u - 3 potions of brilliance
 G - 2 potions of lignification {unknown}
 O - a potion of mutation
Comestibles
 d - 9 rations


   Skills:
 + Level 9.8 Fighting
 - Level 13.0(13.1) Short Blades
 + Level 0.3(8.6) Long Blades
 + Level 4.9 Armour
 + Level 10.1 Dodging
 + Level 19.5 Stealth
 * Level 4.6 Shields
 + Level 3.0 Spellcasting
 - Level 1.7 Conjurations
 + Level 3.4 Hexes
 * Level 10.0 Ice Magic
 * Level 15.1 Invocations
 + Level 1.7 Evocations


You had 5 spell levels left.
You knew the following spells:

 Your Spells              Type           Power        Failure   Level  Hunger
a - Corona                Hex            ###....      16%         1    None
b - Confuse               Hex            ###.....     41%         3    ###....
c - Dazzling Spray        Conj/Hex       ##....       54%         3    ###....
d - Ensorcelled Hibernat  Hex/Ice        ####..       6%          2    ##.....
e - Tukima's Dance        Hex            ###.....     41%         3    ###....

Your spell library contained the following spells:

 Spells                   Type           Power        Failure   Level  Hunger


Dungeon Overview and Level Annotations

Branches:
Dungeon (1/1)

Altars:
Cheibriados
Dithmenos
Elyvilon
Fedhas
Gozag
Hepliaklqana
Kikubaaqudgha
Makhleb
Nemelex Xobeh
Okawaru
Qazlal
Ru
Sif Muna
Trog
Uskayaw
Vehumet
Wu Jian
Xom
Yredelemnul
Zin
The Shining One
Beogh
Jiyva
Lugonu

Shops:
D [=(*


Innate Abilities, Weirdness & Mutations

You have razor-sharp teeth.
You heal very quickly.
When hurt, damage is shared between your health and your magic reserves.
Your bite disrupts and absorbs the magic of your enemies.
Potions cannot restore your health.
You are immune to rotting.


Message History

The jumping spider closely misses you.
The jumping spider bites you but does no damage.
You hit the jumping spider but do no damage.
You bite the jumping spider! You drain its power.
You feel invigorated.
The jumping spider is moderately wounded.
You feel sick. You block the redback's attack.
The jumping spider pounces on you.
You are caught in a web!
The jumping spider bites you but does no damage.
You feel you are being watched by something.
You feel your power leaking away.
Unknown command.
You struggle to detach yourself from the web.
You feel sick.
The redback bites you but does no damage.
The jumping spider pounces on you.
* * * LOW HITPOINT WARNING * * *
The jumping spider closely misses you.
You feel you are being watched by something.
The jumping spider pounces on you!
You die...

▓▓▓▓▓▓▓▓▓▓▓▓▓▓▓▓▓▓▓▓▓▓▓▓
...............s@sss{s..
.▓▓▓▓▓▓▓▓▓▓▓▓▓▓▓▓▓▓▓▓▓▓▓▓▓▓▓▓▓▓▓▓
.................................
▓▓▓▓▓▓▓▓▓▓▓▓▓▓▓▓▓▓▓▓▓▓▓▓▓▓▓▓▓▓▓▓▓
.........'...=.))))).)).[[[.[[[..
.▓▓▓▓▓▓▓▓▓▓▓▓▓▓▓▓▓▓▓▓▓▓▓▓▓▓▓▓▓▓▓▓
.................................
▓▓▓▓▓▓▓▓▓▓▓▓▓▓▓▓▓▓▓▓▓▓▓▓▓▓▓▓▓▓▓▓▓
.............')))))))).....')))))


You could see an emperor scorpion, an orb spider, a jumping spider, a tarantella
and a redback.

Vanquished Creatures
  A stone giant (D)
  An ettin (D)
  A fire dragon (D)
  A rakshasa (D)
  2 ice dragons (D)
  2 hydras (D)
  A deep troll earth mage (D)
  5 ogre magi (D)
  Sonja (D)
  A skeletal warrior (D)
  3 deep trolls (D)
  A wizard (D)
  3 orc knights (D)
  A wolf spider (D)
  A spiny frog (D)
  A rime drake (D)
  A yaktaur (D)
  A jumping spider (D)
  6 trolls (D)
  A hornet (D)
  4 polar bears (D)
  2 blink frogs (D)
  2 hippogriffs (D)
  A redback (D)
  3 yaks (D)
  A basilisk (D)
  Eustachio (D)
  2 water moccasins (D)
  2 porcupines (D)
  4 black bears (D)
  9 orc warriors (D)
  An ogre (D)
  2 centaurs (D)
  3 crocodiles (D)
  2 bullfrogs (D)
  A gnoll sergeant (D)
  A howler monkey (D)
  3 orc priests (D)
  A hound (D)
  3 orc wizards (D)
  An iguana (D)
  A worker ant (D)
  An adder (D)
  A shadow imp (D)
  An ooze (D)
  An adder skeleton (D)
  11 orcs (D)
  2 goblins (D)
  A giant cockroach zombie (D)
  A jackal skeleton (D)
  A kobold (D)
  A rat (D)
106 creatures vanquished.

Notes
Turn   | Place    | Note
-------+----------+-------------------------------------------
     0 | D        | emperorscorpion the Vine Stalker Enchanter began the quest
                  | for the Orb.
     0 | D        | Reached XP level 1. HP: 9/9 MP: 4/4
     7 | D        | Reached skill level 1 in Short Blades
     7 | D        | Reached skill level 4 in Stealth
    11 | D        | Reached skill level 5 in Stealth
    16 | D        | Reached XP level 2. HP: 10/13 MP: 6/6
    77 | D        | Noticed an ogre
    85 | D        | Killed an ogre
    85 | D        | Reached skill level 9 in Stealth
    85 | D        | Reached XP level 3. HP: 17/17 MP: 7/7
    85 | D        | Gained mutation: Your natural rate of healing is unusually
                  | fast. [Vine Stalker growth]
    85 | D        | Reached XP level 4. HP: 21/21 MP: 8/8
    93 | D        | Reached skill level 1 in Fighting
    93 | D        | Reached skill level 10 in Stealth
    93 | D        | Reached XP level 5. HP: 25/25 MP: 9/9
   100 | D        | Found a roughly hewn altar of Beogh.
   100 | D        | Found a snail-covered altar of Cheibriados.
   100 | D        | Found a shadowy altar of Dithmenos.
   100 | D        | Found a white marble altar of Elyvilon.
   100 | D        | Found a blossoming altar of Fedhas.
   100 | D        | Found an opulent altar of Gozag.
   101 | D        | Found a hazy altar of Hepliaklqana.
   102 | D        | Found a viscous altar of Jiyva.
   103 | D        | Found an ancient bone altar of Kikubaaqudgha.
   104 | D        | Found a corrupted altar of Lugonu.
   105 | D        | Found a burning altar of Makhleb.
   106 | D        | Found a sparkling altar of Nemelex Xobeh.
   107 | D        | Found an iron altar of Okawaru.
   108 | D        | Found a stormy altar of Qazlal.
   109 | D        | Found a sacrificial altar of Ru.
   110 | D        | Found a deep blue altar of Sif Muna.
   111 | D        | Found a bloodstained altar of Trog.
   112 | D        | Found a hide-covered altar of Uskayaw.
   113 | D        | Found a radiant altar of Vehumet.
   114 | D        | Found an ornate altar of the Wu Jian Council.
   115 | D        | Found a shimmering altar of Xom.
   116 | D        | Found a basalt altar of Yredelemnul.
   117 | D        | Found a glowing silver altar of Zin.
   118 | D        | Found a glowing golden altar of the Shining One.
   120 | D        | Became a worshipper of Uskayaw the Reveler
   160 | D        | Noticed a yak
   163 | D        | Reached * piety under Uskayaw
   166 | D        | Reached ** piety under Uskayaw
   172 | D        | Reached skill level 11 in Stealth
   190 | D        | HP: 1/25 [gnoll sergeant/+0 trident (9)]
   192 | D        | Reached *** piety under Uskayaw
   258 | D        | Killed a yak
   258 | D        | Reached skill level 5 in Short Blades
   258 | D        | Reached skill level 5 in Dodging
   258 | D        | Reached skill level 12 in Stealth
   258 | D        | Reached XP level 6. HP: 15/32 MP: 6/10
   305 | D        | Noticed an eight-headed hydra
   305 | D        | Noticed a hornet
   314 | D        | Reached skill level 5 in Invocations
   314 | D        | Reached XP level 7. HP: 31/35 MP: 11/11
   315 | D        | Killed an eight-headed hydra
   315 | D        | Reached skill level 14 in Stealth
   315 | D        | Gained mutation: You have razor-sharp teeth. [Vine Stalker
                  | growth]
   315 | D        | Reached XP level 8. HP: 38/42 MP: 11/14
   315 | D        | Reached **** piety under Uskayaw
   317 | D        | Paralysed by a hornet for 3 turns
   320 | D        | HP: 2/42 [poisoned by a hornet]
   322 | D        | Killed a hornet
   322 | D        | Reached ***** piety under Uskayaw
   528 | D        | Learned a level 3 spell: Confuse
   532 | D        | Learned a level 3 spell: Dazzling Spray
   535 | D        | Learned a level 2 spell: Ensorcelled Hibernation
   544 | D        | Noticed a blink frog
   551 | D        | Reached skill level 15 in Stealth
   551 | D        | Reached XP level 9. HP: 45/46 MP: 13/16
   558 | D        | Reached skill level 5 in Fighting
   568 | D        | Reached ****** piety under Uskayaw
   601 | D        | Learned a level 3 spell: Tukima's Dance
   666 | D        | Noticed a rime drake
   666 | D        | Noticed a spiny frog
   668 | D        | Noticed an eight-headed hydra
   670 | D        | Killed a rime drake
   670 | D        | Reached skill level 10 in Short Blades
   670 | D        | Reached skill level 1 in Conjurations
   672 | D        | Killed a spiny frog
   672 | D        | Reached skill level 16 in Stealth
   678 | D        | Reached XP level 10. HP: 53/53 MP: 16/18
   679 | D        | Reached skill level 1 in Evocations
   683 | D        | Killed an eight-headed hydra
   683 | D        | Reached skill level 10 in Invocations
   789 | D        | Reached skill level 1 in Ice Magic
  1027 | D        | Reached skill level 17 in Stealth
  1079 | D        | Noticed an orc knight
  1079 | D        | Noticed an orc knight
  1081 | D        | Killed an orc knight
  1081 | D        | Reached XP level 11. HP: 58/58 MP: 20/20
  1082 | D        | Noticed an orc knight
  1085 | D        | Killed an orc knight
  1098 | D        | Killed an orc knight
  1103 | D        | Reached skill level 5 in Ice Magic
  1196 | D        | Found Qykh's Antique Armour Emporium.
  1196 | D        | Noticed a stone giant
  1196 | D        | Noticed an ogre mage
  1196 | D        | Noticed a deep troll
  1199 | D        | Noticed a deep troll
  1206 | D        | Killed a stone giant
  1206 | D        | Reached skill level 1 in Armour
  1206 | D        | Reached skill level 18 in Stealth
  1210 | D        | Killed an ogre mage
  1218 | D        | Killed a deep troll
  1218 | D        | Found Faotij's Jewellery Shoppe.
  1221 | D        | Killed a deep troll
  1622 | D        | Found Yfotull's Antique Weapon Emporium.
  1632 | D        | Found Gyhexai's General Store.
  1634 | D        | Noticed a deep troll
  1635 | D        | Noticed an ettin
  1637 | D        | Noticed an ogre mage
  1638 | D        | Noticed an ogre mage
  1641 | D        | Killed a deep troll
  1653 | D        | Killed an ettin
  1655 | D        | Gained mutation: You heal very quickly. [Vine Stalker
                  | growth]
  1655 | D        | Reached XP level 12. HP: 41/65 MP: 14/22
  1657 | D        | Killed an ogre mage
  1660 | D        | Killed an ogre mage
  1716 | D        | Bought a glowing scarf for 160 gold pieces
  1716 | D        | Bought a glowing shield for 150 gold pieces
  1716 | D        | Bought a runed cloak for 150 gold pieces
  1753 | D        | Bought a +5 amulet of reflection for 576 gold pieces
  1756 | D        | Bought a runed dagger for 135 gold pieces
  1780 | D        | Noticed Sonja
  1787 | D        | Killed Sonja
  1794 | D        | Noticed Eustachio
  1801 | D        | Killed Eustachio
  1873 | D        | Found the +2 robe of Vines {NoPotionHeal Regen+7}
  1873 | D        | Got the +1 short sword of Karma {pierce, Str+9}
  1938 | D        | Noticed an ogre mage
  1948 | D        | Noticed a rakshasa
  1952 | D        | Reached skill level 1 in Shields
  1962 | D        | Killed an ogre mage
  1962 | D        | Reached skill level 19 in Stealth
  1966 | D        | Noticed an ice dragon
  1966 | D        | Noticed an ogre mage
  1971 | D        | Noticed a deep troll earth mage
  1990 | D        | Noticed a fire dragon
  1990 | D        | Noticed an ice dragon
  1991 | D        | Killed a rakshasa
  2017 | D        | Killed an ice dragon
  2023 | D        | Killed an ogre mage
  2024 | D        | Killed a deep troll earth mage
  2024 | D        | Reached skill level 10 in Dodging
  2025 | D        | Killed a fire dragon
  2051 | D        | Killed an ice dragon
  2172 | D        | Noticed an emperor scorpion
  2179 | D        | Reached skill level 15 in Invocations
  2189 | D        | HP: 2/67 [wolf spider (4)]
  2192 | D        | Reached skill level 10 in Ice Magic
  2194 | D        | Slain by a jumping spider

Vault maps used:
D:        linesprint

Skill      XL: |  1  2  3  4  5  6  7  8  9 10 11 12 |
---------------+-------------------------------------+-----
Short Blades   | 1 2 3 5 6 7 8 10 11 12 13 | 13.0
Stealth        | 5 9 10 12 14 15 16 17 18 19 | 19.5
Dodging        | 2 3 4 5 6 7 8 9 10 | 10.1
Fighting       | 1 2 4 6 7 8 9 |  9.8
Invocations    | 4 5 7 8 9 10 12 15 | 15.1
Conjurations   | 1 |  1.7
Evocations     | 1 |  1.7
Ice Magic      | 3 7 10 | 10.0
Armour         | 3 4 |  4.9
Spellcasting   | 3 |  3.0
Shields        | 4 |  4.6
Long Blades    | |  0.3
Hexes          | |  3.4

Action                   |  1- 3 |  4- 6 |  7- 9 | 10-12 || total
-------------------------+-------+-------+-------+-------++-------
Melee: Dagger            |    17 |     8 |       |       ||    25
       Bite              |     1 |    12 |    12 |   144 ||   169
       Rapier            |       |    46 |    49 |   191 ||   286
       Short sword       |       |       |       |   105 ||   105
       Scimitar          |       |       |       |    19 ||    19
 Cast: Dazzling Spray    |       |       |     1 |     4 ||     5
Invok: Grand Finale      |       |       |       |     3 ||     3
Evoke: Wand              |       |       |     2 |     4 ||     6
  Use: Potion            |     1 |       |     1 |       ||     2
       Scroll            |       |       |       |     1 ||     1
 Stab: Sleeping          |     1 |     2 |     1 |     8 ||    12
       Paralysed         |       |     2 |     4 |    17 ||    23
       Distracted        |       |       |     1 |     1 ||     2
       Invisible         |       |       |       |     3 ||     3
  Eat: Chunk             |       |       |       |     2 ||     2
       Ration            |       |       |       |     2 ||     2
Armor: Robe              |     1 |     4 |    10 |    46 ||    61
       Ring mail         |       |       |       |    22 ||    22
Dodge: Dodged            |     7 |    30 |    30 |   159 ||   226
Block: Shield            |       |       |       |    60 ||    60
       Rpst.: Scimitar   |       |       |       |     1 ||     1

Table legend:
 A = Non-vault XP
 B = Vault XP
 C = Vault XP percentage of total XP
 D = Non-vault monster count
 E = Vault monster count
 F = Vault count percentage of total count
                 A         B        C        D         E       F
            +---------+---------+-------+---------+---------+-------
      Total |       0 |   31712 | 100.0 |       0 |     106 | 100.0
            +---------+---------+-------+---------+---------+-------
          D |       0 |   31712 | 100.0 |       0 |     106 | 100.0
            +---------+---------+-------+---------+---------+-------
